AoeStats
← waLLefps.

Arabia

507132037Analyzed
4v4 RM · 15d ago on Sep 16, 2026· 27m 8s· 8 players
Game mode
Random Map
Map size
Large (8 player)
Population
200
Speed
Normal
Resources
Standard
Victory
Conquest
Starting age
Dark Age
Ending age
Imperial Age
RankedLock teamsTeams togetherTeam positionsShared explorationLock speedFull tech treeHidden civsTurbo modeCheats
Victory
Defeat
🇨🇦 Mongols · Canada
1598
+11
🇨🇦 Lithuanians · Canada
1587
+11
🇨🇴 Persians · Colombia
1521
+14
🇮🇹 Maya · Italy
1513
+14
🇹🇷 Inca · Türkiye
1485
-13
🇹🇷 Persians · Türkiye
1485
-13
🇹🇷 Ethiopians · Türkiye
1478
-13
🇲🇽 Vietnamese · Mexico
1448
-11
EL TIGRE ABELARDO
8:53 Feudal Age
9:25 Double-Bit Axe
9:27 Horse Collar
14:37 Forging
17:22 Bloodlines
17:06 Loom
19:19 Scale Barding Armor
21:08 Gold Mining
21:56 Wheelbarrow
24:35 Castle Age
25:14 Bow Saw
25:40 Iron Casting
25:25 Chain Barding Armor
25:07 Heavy Plow
25:49 Gold Shaft Mining
27:03 Husbandry
aoegamer115
8:29 Feudal Age
8:02 Loom
9:06 Double-Bit Axe
9:48 Horse Collar
15:11 Scale Barding Armor
17:29 Forging
22:10 Castle Age
20:32 Bloodlines
20:16 Gold Mining
22:08 Wheelbarrow
22:53 Husbandry
23:15 Chain Barding Armor
23:06 Bow Saw
25:27 Town Watch
Nogard
0:34 Loom
11:32 Feudal Age
14:30 Fletching
16:16 Horse Collar
17:13 Double-Bit Axe
21:15 Padded Archer Armor
22:48 Wheelbarrow
22:20 Gold Mining
26:41 Castle Age
27:24 Bodkin Arrow
27:36 Thumb Ring
26:52 Crossbowman
Aron
4:09 Loom
18:59 Feudal Age
19:47 Double-Bit Axe
25:14 Castle Age
25:47 Fletching
26:40 Bodkin Arrow
klostrofobikköstebek
5:05 Loom
9:35 Feudal Age
17:14 Wheelbarrow
22:13 Castle Age
20:30 Horse Collar
20:36 Double-Bit Axe
23:07 Bow Saw
22:59 Heavy Plow
24:03 Forging
23:58 Scale Barding Armor
waLLefps.
7:23 Loom
9:48 Feudal Age
10:32 Double-Bit Axe
10:29 Champi Runner
12:34 Scale Mail Armor
20:12 Forging
19:57 Horse Collar
20:17 Town Watch
20:42 Gold Mining
Tameryig1t
3:06 Loom
9:46 Feudal Age
botas.el.gato
5:31 Loom
8:51 Feudal Age
9:39 Double-Bit Axe
Connection lost

Rejoining the realm…

Still unreachable

The connection could not be restored.

Session expired

The server has moved on; the page needs a fresh start.